 Dungeon Crawl Stone Soup version 0.17.1-3-g152610e (webtiles) character file.

12504 simples the Carver (level 11, 0/101 HPs)
             Began as a Minotaur Fighter on Mar 5, 2016.
             Was a High Priest of Zin.
             Slain by an unseen horror (6 damage)
             ... on level 11 of the Dungeon.
             The game lasted 00:29:29 (16064 turns).

simples the Carver (Minotaur Fighter)              Turns: 16064, Time: 00:29:30

Health: 0/101      AC: 20    Str: 22    XL:     11   Next: 63%
Magic:  10/10      EV:  6    Int:  5    God:    Zin [*****.]
Gold:   549        SH: 12    Dex: 12    Spells: 0 memorised, 10 levels left

rFire  . . .     SeeInvis .     B - +2 long sword
rCold  . . .     Clarity  .     t - +0 plate armour
rNeg   + . .     SustAt   .     c - +0 shield
rPois  .         Gourm    .     (helmet restricted)
rElec  .         Spirit   .     F - +0 cloak (curse)
rCorr  .         Warding  +     C - +0 pair of gloves
rMut   .         Stasis   .     (no boots)
MR     .....                    J - amulet of warding
Stlth  ..........               (no ring)
                                y - +3 ring of protection

@: not resistant to hostile enchantments, extremely unstealthy
A: retaliatory headbutt, horns 2
a: Recite, Vitalisation, Imprison, Sanctuary, Donate Gold, Renounce Religion


You were on level 11 of the Dungeon.
You worshipped Zin.
Zin was extremely pleased with you.
You were not hungry.

You visited 2 branches of the dungeon, and saw 12 of its levels.

You collected 610 gold pieces.
You donated 61 gold pieces to Zin.

Inventory:

Hand Weapons
 j - a +2 flail of protection
 r - a +3 dagger
 B - a +2 long sword (weapon)
Armour
 c - a +0 shield (worn)
 t - a +0 plate armour (worn)
 C - a +0 pair of gloves (worn)
 F - a cursed +0 cloak (worn)
Jewellery
 o - an uncursed ring of ice
 y - a +3 ring of protection (left hand)
 G - an uncursed ring of ice
 J - an amulet of warding (around neck)
Wands
 a - a wand of frost (10)
 p - a wand of confusion (23)
 s - a wand of cold (6)
 u - a wand of digging (12)
 w - a wand of teleportation (6)
Scrolls
 f - 2 scrolls of magic mapping
 g - 6 scrolls of remove curse
 h - 3 scrolls of enchant weapon
 m - 4 scrolls of teleportation
 n - 2 scrolls of identify
 A - a scroll of blinking
Potions
 b - a potion of magic {unknown}
 d - a potion of lignification
 i - 2 potions of poison {unknown}
 k - a potion of haste
 q - 3 potions of flight (quivered)
 v - a potion of brilliance
 z - 3 potions of curing
 D - 2 potions of cure mutation
 H - a potion of mutation {unknown}
 I - a potion of might
Comestibles
 e - 7 bread rations
 l - 2 meat rations
 E - 9 royal jellies


   Skills:
 + Level 10.6 Fighting
 * Level 13.9 Long Blades
 + Level 10.7 Armour
 + Level 10.4 Shields


You had 10 spell levels left.
You didn't know any spells.

Dungeon Overview and Level Annotations

Branches:
Dungeon (11/15)            Temple (1/1) D:4            Lair (0/8) D:8
    Orc (0/4) D:11

Altars:
Ashenzari
Cheibriados
Dithmenos
Elyvilon
Fedhas
Gozag
Kikubaaqudgha
Makhleb
Nemelex Xobeh
Okawaru
Qazlal
Ru
Sif Muna
Trog
Vehumet
Xom
Yredelemnul
Zin
The Shining One


Innate Abilities, Weirdness & Mutations

You reflexively headbutt those who attack you in melee.
You have a pair of horns on your head.


Message History

Quiver which item? (- for none, * to show all) (? for menu, Esc to quit)
You don't have any such object.
Quiver which item? (- for none, * to show all) (? for menu, Esc to quit)
Quivering
q - 3 potions of flight for throwing.
You don't know any spells.
Drink which item? (? for menu, Esc to quit)
You feel better. You block its attack.
As you read the scroll of immolation, it crumbles to dust.
The creatures around you are filled with an inner flame!
Something hits you but does no damage. x2
Read which item? (? for menu, Esc to quit)
As you read the scroll of immolation, it crumbles to dust.
The creatures around you are filled with an inner flame!
Something hits you but does no damage. x2
Wield which item (- for none, * to show all)? (? for menu, Esc to quit)
B - a +2 long sword (weapon)
Something hits you but does no damage. Something hits you!
* * * LOW HITPOINT WARNING * * *
Something hits you.
You die...

########### #######
#.........# .......
######.........###.......
.....'...........>.......
######.........#.........
#.........#.#.......
#.........#.#.......
#.........#@#.?.....
###########.#....... ####
#.######## ...# #.#
...######## ##'##
..........# #...#
...######.# #...# ...#
#(## #...# ####
#..#####.###


There were no monsters in sight!

Vanquished Creatures
  A hydra (D:11)
  Pikel (D:6)
  A cyclops (D:11)
  2 trolls
  Grinder (D:4)
  The ghost of emiel the Insei, an amateur DsBe of Trog (D:6)
  Prince Ribbit (D:7)
  3 slime creatures
  Sigmund (D:6)
  Eustachio (D:5)
  A wyvern (D:9)
  A deep elf mage (D:10)
  5 yaks (D:10)
  A hippogriff (D:10)
  A hungry ghost (D:9)
  A sky beast (D:11)
  3 water moccasins
  4 orc warriors
  3 black bears
  9 ogres
  A slave (D:6)
  4 ice beasts
  A wasp (D:8)
  An eye of draining (D:11)
  A crocodile (D:9)
  Blork the orc (D:5)
  7 centaurs
  2 giant frogs
  2 wyvern zombies (D:6)
  5 scorpions
  24 killer bees
  11 wights
  3 crimson imps
  A giant frog zombie (D:10)
  5 hounds
  4 jellies
  2 quasits
  A centaur zombie (D:9)
  3 orc priests
  A centaur skeleton (D:8)
  An iguana (D:4)
  10 worker ants
  2 giant frog skeletons (D:4)
  Terence (D:2)
  20 orc wizards
  2 hound skeletons
  13 gnolls
  12 adders
  A river rat (D:5)
  3 shadow imps
  7 oozes
  4 adder zombies
  3 worms
  4 adder skeletons
  56 orcs
  9 bats
  9 giant cockroaches
  10 goblins
  12 hobgoblins
  6 jackals
  7 quokkas
  A giant cockroach zombie (D:3)
  5 giant geckos
  A giant gecko skeleton (D:8)
  2 giant gecko zombies (D:3)
  5 giant newts
  5 kobolds
  2 quokka zombies
  9 rats
344 creatures vanquished.

Vanquished Creatures (others)
  Fannar (D:10)
  3 slaves (D:6)
  A giant frog (D:6)
  An orc priest (D:6)
  2 orcs (D:6)
8 creatures vanquished.

Grand Total: 352 creatures vanquished

Notes
Turn   | Place    | Note
--------------------------------------------------------------
     0 | D:1      | simples the Minotaur Fighter began the quest for the Orb.
     0 | D:1      | Reached XP level 1. HP: 19/19 MP: 0/0
   250 | D:1      | Reached XP level 2. HP: 24/27 MP: 1/1
   490 | D:2      | Reached skill level 4 in Armour
   675 | D:2      | Noticed Terence
   745 | D:2      | Reached XP level 3. HP: 33/33 MP: 2/2
  1213 | D:2      | Killed Terence
  1213 | D:2      | Reached XP level 4. HP: 30/40 MP: 3/3
  1744 | D:2      | Reached XP level 5. HP: 6/47 MP: 4/4
  2394 | D:2      | HP: 2/47 [orc wizard/magic dart (1)]
  2407 | D:2      | Reached skill level 5 in Armour
  2854 | D:3      | Reached XP level 6. HP: 35/55 MP: 5/5
  2856 | D:3      | Reached skill level 5 in Long Blades
  3323 | D:3      | Found a shimmering altar of Xom.
  3323 | D:3      | Found a deep blue altar of Sif Muna.
  3637 | D:4      | Reached skill level 5 in Fighting
  3637 | D:4      | Reached skill level 5 in Shields
  3661 | D:4      | Found a staircase to the Ecumenical Temple.
  3678 | Temple   | Entered the Ecumenical Temple
  3869 | Temple   | Became a worshipper of Zin the Law-Giver
  3869 | Temple   | Reached * piety under Zin
  3948 | D:4      | Reached XP level 7. HP: 54/61 MP: 6/6
  3950 | D:4      | HP: 2/61 [ogre/giant spiked club (25)]
  4317 | D:3      | Reached skill level 6 in Long Blades
  4904 | D:4      | Reached skill level 7 in Long Blades
  4956 | D:4      | Reached ** piety under Zin
  5122 | D:5      | Entered Level 5 of the Dungeon
  5130 | D:5      | Reached XP level 8. HP: 66/70 MP: 7/7
  5203 | D:5      | Noticed Blork the orc
  5223 | D:5      | Killed Blork the orc
  5251 | D:5      | Noticed Grinder
  5253 | D:5      | Noticed Eustachio
  5513 | D:5      | Paralysed by Grinder for 6 turns
  5625 | D:4      | Paralysed by Grinder for 2 turns
  5630 | D:4      | Killed Grinder
  5734 | D:5      | Found an opulent altar of Gozag.
  5779 | D:5      | Reached skill level 8 in Long Blades
  6076 | D:5      | Killed Eustachio
  6837 | D:5      | Noticed a troll
  6848 | D:5      | Killed a troll
  6848 | D:5      | Reached skill level 9 in Long Blades
  6848 | D:5      | Reached XP level 9. HP: 34/79 MP: 5/8
  7554 | D:6      | Noticed Sigmund
  7573 | D:6      | Killed Sigmund
  7735 | D:6      | Noticed emiel's ghost (amateur DsBe)
  7747 | D:6      | Killed emiel's ghost
  7940 | D:6      | Reached *** piety under Zin
  7974 | D:6      | Reached skill level 10 in Long Blades
  8637 | D:6      | Noticed Pikel
  8652 | D:6      | Killed Pikel
  8849 | D:6      | Found a glowing golden altar of the Shining One.
  9079 | D:7      | Reached XP level 10. HP: 66/90 MP: 9/9
  9095 | D:7      | Reached skill level 11 in Long Blades
  9346 | D:6      | HP: 1/90 [killer bee (7)]
  9961 | D:7      | Noticed Prince Ribbit
 10093 | D:7      | Killed Prince Ribbit
 10216 | D:7      | Found a shimmering altar of Xom.
 10244 | D:7      | Found an iron altar of Okawaru.
 10335 | D:8      | Found a staircase to the Lair.
 10721 | D:8      | Reached **** piety under Zin
 11037 | D:8      | Found a burning altar of Makhleb.
 11037 | D:8      | Found a radiant altar of Vehumet.
 11163 | D:8      | Zin protects you from harm!
 11184 | D:7      | HP: 4/91 [slime creature (12)]
 11433 | D:6      | Reached skill level 12 in Long Blades
 13202 | D:9      | Reached skill level 10 in Armour
 13202 | D:9      | Reached XP level 11. HP: 96/99 MP: 10/10
 14226 | D:10     | Entered Level 10 of the Dungeon
 14244 | D:10     | Noticed Fannar
 14278 | D:10     | Killed Fannar
 14278 | D:10     | Reached skill level 13 in Long Blades
 14278 | D:10     | Reached skill level 10 in Shields
 14546 | D:10     | Reached skill level 10 in Fighting
 14837 | D:10     | Reached ***** piety under Zin
 15655 | D:11     | Found a staircase to the Orcish Mines.
 15992 | D:11     | Noticed a six-headed hydra
 16006 | D:11     | Killed a six-headed hydra
 16064 | D:11     | Slain by an unseen horror

Action                   |  1- 3 |  4- 6 |  7- 9 | 10-12 || total
-------------------------+-------+-------+-------+-------++-------
Melee: Long sword        |    82 |   177 |   381 |   394 ||  1034
       Scimitar          |       |       |    61 |   279 ||   340
       Dagger            |       |       |       |    24 ||    24
Invok: Recite            |       |     1 |     2 |     3 ||     6
       Vitalisation      |       |       |     3 |     2 ||     5
Evoke: Wand              |       |       |       |     5 ||     5
  Use: Scroll            |     1 |     5 |       |    10 ||    16
       Potion            |       |     3 |     2 |     4 ||     9
  Eat: Chunk             |     1 |     9 |    10 |     8 ||    28
       Beef jerky        |       |       |     1 |     2 ||     3
       Meat ration       |       |       |     1 |     2 ||     3
       Fruit             |       |       |       |     2 ||     2
       Royal jelly       |       |       |       |     1 ||     1
